 Dungeon Crawl Stone Soup version 0.30-a0-141-g30f27751c5 (webtiles) character file.

Game seed: 4792311857979040342

92819 qw the Severer (level 16, -1/101 HPs)
             Began as a Gargoyle Fighter on Sept 25, 2022.
             Was a High Priest of Okawaru.
             Slain by Kirke (11 damage)
             ... on level 15 of the Dungeon.
             The game lasted 00:11:35 (25714 turns).

qw the Severer (Gargoyle Fighter)                  Turns: 25714, Time: 00:11:36

Health: -1/101     AC:  0    Str: 28    XL:     16   Next: 7%
Magic:  2/25       EV: 16    Int:  9    God:    Okawaru [*****.]
Gold:   1270       SH:  5    Dex:  9    Spells: 15/15 levels left

rFire   . . .      SeeInvis .      - Unarmed
rCold   . . .      Faith    .    (shield currently unavailable)
rNeg    + . .      Spirit   .    (body armour currently unavailable)
rPois   inf        Reflect  +    (helmet currently unavailable)
rElec   .          Harm     .    (cloak currently unavailable)
rCorr   .          Rampage  .    (gloves currently unavailable)
Will    +....                    (boots currently unavailable)
Stlth   +++.......               E - amulet of reflection
HPRegen 0.26/turn                (ring currently unavailable)
MPRegen 0.19/turn                (ring currently unavailable)

@: about to teleport, pig-form, heroic, finesse-ful, very quick
A: fast, no casting, sickness immunity, AC +12, small, (big wings), negative
energy resistance 1, (electricity resistance), torment resistance 1,
petrification resistance, (fire resistance 1), high MP 1
a: Renounce Religion, Heroism, Finesse, Duel


You were on level 15 of the Dungeon.
You worshipped Okawaru.
Okawaru was extremely pleased with you.
You were a filthy swine.
You visited 3 branches of the dungeon, and saw 21 of its levels.

You collected 1610 gold pieces.
You spent 340 gold pieces at shops.


Innate Abilities, Weirdness & Mutations

You are a filthy swine.
You move quickly.
Your equipment is almost entirely melded.
You are incapable of wielding weapons or throwing items.
You cannot cast spells.
You are immune to sickness and miasma.
((Your stone body is resilient. (AC +12)))
You are immune to poison.
((Your large and strong wings let you fly.))
You resist negative energy. (rN+)
((You are resistant to electric shocks. (rElec)))
You are resistant to unholy torment.
You are immune to petrification.
((Your flesh is heat resistant. (rF+)))
You have an increased reservoir of magic. (+10% MP)


   Skills:
 - Level 12.1(17.1) Fighting
 + Level 16.5(21.5) Axes
 - Level 6.0(11.0) Throwing
 - Level 12.0(17.0) Armour
 - Level 3.1(8.1) Dodging
 - Level 13.0(18.0) Shields
 - Level 10.0 Invocations


You had 15 spell levels left.
You didn't know any spells.
Your spell library was empty.

Inventory:

Hand Weapons
 j - a +5 war axe of flaming
 l - the +4 broad axe of Offence (melded) {antimagic, rPois rF+}
   (Okawaru gifted it to you on level 5 of the Lair of Beasts)

   It reduces the magical energy of the wielder, and disrupts the spells and
   magical abilities of those it strikes.
   Natural abilities and divine invocations are not affected.
   rF:        It protects you from fire.
   rPois:     It protects you from poison.
 x - a +1 vampiric war axe
Armour
 e - a +1 cloak (melded)
 f - a +2 helmet (melded)
 i - a +0 kite shield (melded)
 s - the +4 kite shield of Unreason {Harm rC- Str+3 SInv}
   (Okawaru gifted it to you on level 5 of the Lair of Beasts)

   Str:       It affects your strength (+3).
   rC:        It makes you vulnerable to cold.
   SInv:      It lets you see invisible.
   Harm:      It increases damage dealt and taken.
 u - a +0 plate armour (melded)
 y - the +2 pair of gloves of Dumosic (melded) {+Inv rN+ rCorr}
   (Okawaru gifted it to you on level 10 of the Dungeon)

   rN:        It protects you from negative energy.
   +Inv:      It lets you turn invisible.
   rCorr:     It protects you from acid and corrosion.
 z - a +2 pair of boots (melded)
Jewellery
 c - a ring of willpower
 h - a ring of fire
 k - a ring of protection from cold (melded)
 n - a ring of see invisible (melded)
 r - a ring of resist corrosion
 t - an amulet of guardian spirit
 w - a ring of ice
 B - a +6 ring of dexterity
 E - an amulet of reflection (around neck)
Scrolls
 o - 18 scrolls of identify
 v - a scroll of teleportation
 C - a scroll of brand weapon
Potions
 a - a potion of resistance
 b - a potion of mutation
 d - 3 potions of might
 g - 4 potions of haste
 m - 4 potions of attraction
 p - a potion of magic
 q - 11 potions of curing
 A - 2 potions of heal wounds

Dungeon Overview and Level Annotations

Branches:
Dungeon (15/15)            Temple (1/1) D:5            Lair (5/5) D:11
  Swamp (0/4) Lair:2       Spider (0/4) Lair:3        Slime (0/5) Lair:4
    Orc (0/2) D:9          Vaults (0/5) D:13
 Depths: D:15

Altars:
Ashenzari
Cheibriados
Dithmenos
Elyvilon
Fedhas
Gozag
Hepliaklqana
Kikubaaqudgha
Makhleb
Nemelex Xobeh
Okawaru
Qazlal
Ru
Sif Muna
Trog
Uskayaw
Vehumet
Wu Jian
Xom
Yredelemnul
Zin
The Shining One
Jiyva

Shops:
D:6 [??

Annotations:
D:5 1 runed translucent door, Crazy Yiuf
D:9 3 runed translucent doors, Idymn's ghost, journeyman DsGl; qw's ghost, journeyman GrFi
D:15 Kirke
Lair:4 1 runed translucent door, Raneoc's ghost, journeyman MiFi


Message History

You hit the sphinx.
The sphinx's magic leaks into the air.
You slash the sphinx!
The sphinx's magic leaks into the air.
The sphinx's magic is no longer disrupted. x2
You slice Kirke!!
Kirke's magic leaks into the air.
Kirke is heavily wounded.
You hit the sphinx.
The sphinx's magic leaks into the air.
You slash the sphinx!
The sphinx's magic leaks into the air.
Kirke points at you and mumbles some strange words.
You turn into a filthy swine.
The +4 broad axe of Offence {antimagic, rPois rF+} melds into your body.
Your +1 cloak melds into your body.
Your +2 helmet melds into your body.
The +2 pair of gloves of Dumosic {+Inv rN+ rCorr} melds into your body.
Your +2 pair of boots melds into your body.
Your +0 kite shield melds into your body.
Your +0 plate armour melds into your body.
Your ring of see invisible melds into your body.
Your ring of protection from cold melds into your body.
You feel magic returning to you. The sphinx hits you!!
The sphinx closely misses you. x2
You hit Kirke.
Kirke is severely wounded.
The sphinx completely misses you. The sphinx hits you! The sphinx hits you.
You bite Kirke!
Kirke is severely wounded.
The sphinx's magic is no longer disrupted.
You closely miss Kirke.
Kirke is severely wounded.
Kirke mumbles some strange words.
Kirke flickers and vanishes!
Deactivating autopickup; reactivate with Ctrl-A.
The sphinx hits you! The sphinx barely misses you. The sphinx hits you!
The sphinx barely misses you. The sphinx hits you! x2
25714 ||| READING 2 scrolls of teleportation.
As you read the scroll of teleportation, it crumbles to dust.
You feel strangely unstable.
A wolf spider simulacrum comes into view.
The sphinx hits you. x3
The sphinx casts a spell.
You struggle to resist.
Something hits you!
You die...

####......#..#
#...####.###.##
.#### ### #..#
## ##.## ##.##
#..# ##.##
#..## ##hH#
#.H{hh#
....#h.....
.....####....
### ......#
.... ..##
#..... .#Z
...## #..... #
....## #......
.....###...#


You could see 2 sphinxes, 3 hogs and a wolf spider simulacrum.

Vanquished Creatures
  Roxanne (D:14)
  An ironbound preserver (D:13)
  Snorg (D:14)
  Josephine (D:14)
  9 hydras
  2 catoblepae
  A rakshasa (D:13)
  4 boulder beetles
  6 centaur warriors
  7 two-headed ogres
  20 death yaks
  A tengu warrior (D:14)
  A fire crab (Lair:5)
  Pikel (D:6)
  A harpy (shapeshifter) (D:13)
  4 lindwurms (D:14)
  A wizard (D:14)
  3 wolf spiders
  15 ugly things
  A manticore (D:12)
  6 oklob plants
  12 elephants
  4 cyclopes
  A smoke demon (D:10)
  9 cane toads
  2 gargoyles (D:13)
  3 black mambas
  3 unseen horrors
  Psyche (D:8)
  2 rime drakes
  A yaktaur (shapeshifter) (D:15)
  A kobold demonologist (D:8)
  An efreet (D:13)
  7 komodo dragons
  11 polar bears
  7 trolls
  A polar bear (shapeshifter) (D:15)
  Prince Ribbit (D:8)
  2 slime creatures
  A raiju (Lair:5)
  8 dream sheep
  7 blink frogs
  Sigmund (D:3)
  A shadow (D:12)
  2 centaur simulacra
  9 wyverns
  45 yaks
  Eustachio (D:4)
  A culicivora (Lair:3)
  6 wraiths
  9 basilisks
  3 hogs (D:15)
  A steam dragon (D:9)
  4 vampire mosquitoes
  A redback (Lair:3)
  7 wargs
  18 water moccasins
  14 hell hounds (Lair:5)
  9 orc warriors
  3 ice beasts (D:6)
  15 black bears
  2 sky beasts
  5 ogres
  9 centaurs
  4 lemures (D:6)
  22 wolves
  4 kobold brigands (D:8)
  A phantom (D:5)
  4 gnoll sergeants
  A necrophage (D:7)
  9 bullfrogs
  4 scorpions
  6 wights (D:8)
  11 howler monkeys
  3 electric eels
  2 jellies (D:5)
  11 hounds
  3 gnoll boudas
  8 orc priests
  Terence (D:3)
  6 iguanas
  Ijyb (D:3)
  19 orc wizards
  A boggart simulacrum (D:14)
  21 gnolls
  12 adders
  2 shadow imps (D:7)
  2 white imps
  An ufetubus (D:4)
  A worm (D:3)
  2 dart slugs
  53 orcs
  5 bats
  6 endoplasms
  12 giant cockroaches
  8 goblins
  8 hobgoblins
  6 jackals
  6 kobolds
  3 quokkas
  4 ball pythons
  A frilled lizard (D:2)
  6 rats
618 creatures vanquished.

Vanquished Creatures (others)
  A gnoll (D:8)
  12 fungi
  38 plants
51 creatures vanquished.

Grand Total: 669 creatures vanquished

Notes
Turn   | Place    | Note
-------+----------+-------------------------------------------
     0 | D:1      | qw the Gargoyle Fighter began the quest for the Orb.
     0 | D:1      | Reached XP level 1. HP: 14/14 MP: 1/1
     0 | D:1      | 0 ||| qw: Version: 0.2-a-10-g399e6c4
     0 | D:1      | 0 ||| qw: Game counter: 326
     0 | D:1      | 0 ||| qw: Always use a shield: true
     0 | D:1      | 0 ||| qw: God list: Okawaru
     0 | D:1      | 0 ||| qw: Allow faded altars: false
     0 | D:1      | 0 ||| qw: Do Orc after D:15 true
     0 | D:1      | 0 ||| qw: Do second Lair branch before Depths: true
     0 | D:1      | 0 ||| qw: Lair rune preference: random
     0 | D:1      | 0 ||| qw: Plans: Normal, Zot:1-4, God:TSO, Crypt, Tomb,
                  | Pan, Slime:5, Hells, Abyss, Orb
     0 | D:1      | 0 ||| PLANNING D:1-11
    37 | D:1      | Reached skill level 2 in Axes
    58 | D:1      | Reached XP level 2. HP: 19/19 MP: 2/2
    97 | D:1      | Found a faded altar of an unknown god.
   100 | D:1      | 100 ||| DROPPING +0 club.
   281 | D:1      | Reached skill level 3 in Axes
   281 | D:1      | Reached XP level 3. HP: 17/23 MP: 3/3
   421 | D:1      | 421 ||| Stepping ~*~*~tactically~*~*~ (stealth).
   485 | D:1      | 485 ||| DROPPING +0 whip.
   898 | D:1      | 898 ||| UPGRADING to +6 ring of dexterity.
   899 | D:1      | 899 ||| READING scroll labelled AHEUHI RIHU.
   900 | D:1      | 900 ||| READING scroll labelled COFUMP OCEYRR.
   901 | D:1      | 901 ||| READING scroll labelled FUWUME NIZO.
   951 | D:2      | 951 ||| Stepping ~*~*~tactically~*~*~ (stealth).
   953 | D:2      | 953 ||| Stepping ~*~*~tactically~*~*~ (stealth).
   954 | D:2      | 954 ||| Stepping ~*~*~tactically~*~*~ (stealth).
   961 | D:2      | Reached XP level 4. HP: 26/28 MP: 4/4
   979 | D:2      | Reached skill level 1 in Dodging
   985 | D:2      | 985 ||| Stepping ~*~*~tactically~*~*~ (stealth).
   986 | D:2      | 986 ||| Stepping ~*~*~tactically~*~*~ (stealth).
   987 | D:2      | 987 ||| Stepping ~*~*~tactically~*~*~ (stealth).
   989 | D:2      | 989 ||| Stepping ~*~*~tactically~*~*~ (stealth).
  1030 | D:2      | 1030 ||| Stepping ~*~*~tactically~*~*~ (stealth).
  1114 | D:2      | 1114 ||| Stepping ~*~*~tactically~*~*~ (stealth).
  1115 | D:2      | 1115 ||| Stepping ~*~*~tactically~*~*~ (stealth).
  1232 | D:2      | Reached skill level 4 in Axes
  1512 | D:2      | 1512 ||| Stepping ~*~*~tactically~*~*~ (hiding).
  1718 | D:2      | Reached XP level 5. HP: 32/32 MP: 5/5
  1720 | D:2      | 1720 ||| UPGRADING to +0 chain mail.
  1730 | D:2      | 1730 ||| DROPPING +0 scale mail.
  1731 | D:2      | 1731 ||| READING scroll labelled READAM LOGUM.
  1732 | D:2      | 1732 ||| READING scroll labelled MOXTUSE INOWNIFE.
  1733 | D:2      | 1733 ||| DRINKING 2 bubbling purple potions.
  1734 | D:2      | 1734 ||| DRINKING 2 green potions.
  1754 | D:3      | Noticed Terence
  1767 | D:3      | Killed Terence
  1831 | D:3      | Noticed Ijyb
  1832 | D:3      | 1832 ||| DRINKING potion of curing.
  1832 | D:3      | 1832 ||| (to cure confusion)
  1861 | D:3      | Killed Ijyb
  2029 | D:3      | 2029 ||| Stepping ~*~*~tactically~*~*~ (stealth).
  2055 | D:3      | 2055 ||| READING scroll labelled ORPHYFE QUATEUM.
  2055 | D:3      | Identified a scroll of acquirement
  2055 | D:3      | 2055 ||| ACQUIRING +2 morningstar of freezing
  2055 | D:3      | Acquired a +2 morningstar of freezing
  2056 | D:3      | 2056 ||| DRINKING 2 purple potions.
  2056 | D:3      | Gained mutation: You have an increased reservoir of magic.
                  | (+10% MP) [potion of mutation]
  2056 | D:3      | Gained mutation: Your flesh is heat resistant. (rF+)
                  | [potion of mutation]
  2057 | D:3      | 2057 ||| DRINKING 2 inky potions.
  2062 | D:3      | 2062 ||| DROPPING +0 flail.
  2248 | D:3      | Found a basalt altar of Yredelemnul.
  2308 | D:3      | Reached skill level 5 in Axes
  2317 | D:3      | HP: 7/32 [gnoll/+0 flail (4)]
  2769 | D:3      | Noticed Sigmund
  2771 | D:3      | 2771 ||| DRINKING potion of curing.
  2771 | D:3      | 2771 ||| (to cure confusion)
  2772 | D:3      | 2772 ||| FLEEEEING.
  2773 | D:3      | 2773 ||| FLEEEEING.
  2774 | D:3      | 2774 ||| FLEEEEING.
  2775 | D:3      | 2775 ||| FLEEEEING.
  2776 | D:3      | 2776 ||| FLEEEEING.
  2777 | D:3      | 2777 ||| FLEEEEING.
  2778 | D:3      | 2778 ||| FLEEEEING.
  2807 | D:3      | Killed Sigmund
  2808 | D:3      | Reached XP level 6. HP: 28/40 MP: 6/6
  2976 | D:3      | Found a shimmering blue altar of Sif Muna.
  2995 | D:3      | 2995 ||| FLEEEEING.
  2996 | D:3      | 2996 ||| FLEEEEING.
  3109 | D:3      | 3109 ||| Invisible monster not found???
  3136 | D:3      | 3136 ||| UPGRADING to ring of willpower.
  3137 | D:3      | 3137 ||| DROPPING +6 ring of intelligence.
  3138 | D:3      | 3138 ||| READING scroll labelled XAGHUW XUSTRIKK.
  3142 | D:3      | 3142 ||| READING scroll labelled VAFECR GIEV.
  3143 | D:3      | 3143 ||| READING scroll labelled LIM HIRUABAGU.
  3144 | D:3      | 3144 ||| DROPPING potion of brilliance.
  3150 | D:4      | 3150 ||| Stepping ~*~*~tactically~*~*~ (stealth).
  3152 | D:4      | 3152 ||| Stepping ~*~*~tactically~*~*~ (stealth).
  3152 | D:4      | Noticed Eustachio
  3181 | D:4      | HP: 6/40 [white imp/puff of frost[Eustachio] (11)]
  3183 | D:4      | Killed Eustachio
  3184 | D:4      | Reached XP level 7. HP: 7/44 MP: 7/7
  3189 | D:4      | 3189 ||| FLEEEEING.
  3190 | D:4      | 3190 ||| FLEEEEING.
  3191 | D:4      | 3191 ||| STAIRDANCE
  3469 | D:4      | 3469 ||| Stepping ~*~*~tactically~*~*~ (stealth).
  3472 | D:4      | 3472 ||| Stepping ~*~*~tactically~*~*~ (stealth).
  3473 | D:4      | 3473 ||| Stepping ~*~*~tactically~*~*~ (stealth).
  3476 | D:4      | 3476 ||| Stepping ~*~*~tactically~*~*~ (hiding).
  3477 | D:4      | 3477 ||| Stepping ~*~*~tactically~*~*~ (hiding).
  3487 | D:4      | Reached skill level 6 in Axes
  3494 | D:4      | 3494 ||| Stepping ~*~*~tactically~*~*~ (stealth).
  3495 | D:4      | 3495 ||| Stepping ~*~*~tactically~*~*~ (stealth).
  3498 | D:4      | 3498 ||| Stepping ~*~*~tactically~*~*~ (stealth).
  3500 | D:4      | 3500 ||| Stepping ~*~*~tactically~*~*~ (stealth).
  3751 | D:4      | You fall into a shaft and drop 3 floors!
  3891 | D:7      | Found a stormy altar of Qazlal.
  3891 | D:7      | Found a shimmering altar of Xom.
  3899 | D:7      | Found a sparkling altar of Nemelex Xobeh.
  3902 | D:7      | Found a white marble altar of Elyvilon.
  3904 | D:7      | Found an opulent altar of Gozag.
  3938 | D:7      | Reached skill level 7 in Axes
  4041 | D:7      | Reached XP level 8. HP: 49/50 MP: 8/8
  4071 | D:7      | 4071 ||| READING scroll labelled LOUSHR YCEPTU.
  4072 | D:7      | 4072 ||| DRINKING 3 ruby potions.
  4108 | D:7      | 4108 ||| FLEEEEING.
  4109 | D:7      | 4109 ||| STAIRDANCE
  4171 | D:6      | Found Otymeer's Weapon Shoppe.
  4173 | D:6      | Found Xizuixat's Magic Scroll Boutique.
  4175 | D:6      | Found Roonio's Magic Scroll Shoppe.
  4184 | D:6      | 4184 ||| BUYING 3 scrolls of identify (66 gold).
  4184 | D:6      | Bought 3 scrolls of identify for 66 gold pieces
  4184 | D:6      | 4184 ||| BUYING scroll of enchant weapon (82 gold).
  4184 | D:6      | Bought a scroll of enchant weapon for 82 gold pieces
  4184 | D:6      | 4184 ||| BUYING scroll of identify (22 gold).
  4184 | D:6      | Bought a scroll of identify for 22 gold pieces
  4184 | D:6      | 4184 ||| READING scroll of enchant weapon.
  4184 | D:6      | 4184 ||| ENCHANTING +1 war axe.
  4195 | D:6      | Found a radiant altar of Vehumet.
  4228 | D:6      | Reached skill level 8 in Axes
  4231 | D:6      | Reached skill level 6 in Fighting
  4454 | D:6      | 4454 ||| READING scroll labelled AGGOLA PENAE.
  4455 | D:6      | 4455 ||| DRINKING 2 sedimented pink potions.
  4456 | D:6      | 4456 ||| READING 6 scrolls of identify.
  4456 | D:6      | 4456 ||| IDENTIFYING metallic golden potion
  4457 | D:6      | 4457 ||| READING 5 scrolls of identify.
  4457 | D:6      | 4457 ||| IDENTIFYING murky black potion
  4458 | D:6      | 4458 ||| READING 4 scrolls of identify.
  4458 | D:6      | 4458 ||| IDENTIFYING fizzy sapphire potion
  4459 | D:6      | 4459 ||| DROPPING potion of magic.
  4460 | D:6      | 4460 ||| DROPPING potion of degeneration.
  4469 | D:5      | Entered Level 5 of the Dungeon
  4762 | D:4      | 4762 ||| Stepping ~*~*~tactically~*~*~ (hiding).
  4763 | D:4      | 4763 ||| Stepping ~*~*~tactically~*~*~ (hiding).
  4780 | D:4      | 4780 ||| Stepping ~*~*~tactically~*~*~ (stealth).
  4782 | D:4      | Found a snail-covered altar of Cheibriados.
  4784 | D:4      | 4784 ||| Stepping ~*~*~tactically~*~*~ (water).
  4796 | D:4      | 4796 ||| Stepping ~*~*~tactically~*~*~ (hiding).
  4797 | D:4      | 4797 ||| Stepping ~*~*~tactically~*~*~ (hiding).
  4916 | D:4      | 4916 ||| FLEEEEING.
  4917 | D:4      | 4917 ||| FLEEEEING.
  4918 | D:4      | 4918 ||| FLEEEEING.
  4919 | D:4      | 4919 ||| FLEEEEING.
  4927 | D:4      | 4927 ||| STAIRDANCE
  5029 | D:3      | 5029 ||| UPGRADING to +1 cloak.
  5044 | D:4      | 5044 ||| Stepping ~*~*~tactically~*~*~ (stealth).
  5050 | D:4      | 5050 ||| Stepping ~*~*~tactically~*~*~ (stealth).
  5094 | D:4      | 5094 ||| READING scroll of enchant weapon.
  5094 | D:4      | 5094 ||| ENCHANTING +2 war axe.
  5570 | D:4      | 5570 ||| READING 2 scrolls labelled GUJAN SIZON.
  5671 | D:4      | 5671 ||| READING 3 scrolls of identify.
  5671 | D:4      | 5671 ||| IDENTIFYING smoky brown potion
  5672 | D:4      | 5672 ||| DROPPING scroll of silence.
  5673 | D:4      | 5673 ||| DROPPING potion of berserk rage.
  5701 | D:5      | 5701 ||| STAIRDANCE
  5799 | D:5      | 5799 ||| Stepping ~*~*~tactically~*~*~ (stealth).
  5804 | D:5      | Reached XP level 9. HP: 51/56 MP: 9/9
  5995 | D:5      | Found a runed translucent door.
  5996 | D:5      | Noticed Crazy Yiuf
  6022 | D:5      | Found a staircase to the Ecumenical Temple.
  6023 | D:5      | 6023 ||| PLANNING TEMPLE
  6030 | Temple   | Entered the Ecumenical Temple
  6031 | Temple   | 6031 ||| PLANNING OKAWARU WORSHIP
  6035 | Temple   | Became a worshipper of Warmaster Okawaru
  6036 | Temple   | 6036 ||| PLANNING D:1-11
  6176 | D:5      | 6176 ||| Stepping ~*~*~tactically~*~*~ (hiding).
  6578 | D:6      | Reached skill level 9 in Axes
  6678 | D:6      | 6678 ||| Stepping ~*~*~tactically~*~*~ (stealth).
  6698 | D:6      | Noticed Pikel
  6699 | D:6      | 6699 ||| Stepping ~*~*~tactically~*~*~ (stealth).
  6703 | D:6      | 6703 ||| Stepping ~*~*~tactically~*~*~ (stealth).
  6708 | D:6      | 6708 ||| FLEEEEING.
  6709 | D:6      | 6709 ||| FLEEEEING.
  6710 | D:6      | 6710 ||| FLEEEEING.
  6711 | D:6      | 6711 ||| FLEEEEING.
  6712 | D:6      | 6712 ||| FLEEEEING.
  6713 | D:6      | 6713 ||| FLEEEEING.
  6714 | D:6      | 6714 ||| FLEEEEING.
  6715 | D:6      | 6715 ||| FLEEEEING.
  6716 | D:6      | 6716 ||| FLEEEEING.
  6717 | D:6      | 6717 ||| FLEEEEING.
  6718 | D:6      | 6718 ||| FLEEEEING.
  6719 | D:6      | 6719 ||| FLEEEEING.
  6720 | D:6      | 6720 ||| FLEEEEING.
  6721 | D:6      | 6721 ||| FLEEEEING.
  6722 | D:6      | 6722 ||| FLEEEEING.
  6723 | D:6      | 6723 ||| FLEEEEING.
  6724 | D:6      | 6724 ||| FLEEEEING.
  6725 | D:6      | 6725 ||| FLEEEEING.
  6726 | D:6      | 6726 ||| FLEEEEING.
  6727 | D:6      | 6727 ||| FLEEEEING.
  6728 | D:6      | 6728 ||| FLEEEEING.
  6732 | D:6      | 6732 ||| Stepping ~*~*~tactically~*~*~ (hiding).
  6759 | D:6      | HP: 2/56 [ogre/+0 giant club (18)]
  6760 | D:6      | 6760 ||| READING scroll of teleportation.
  6761 | D:6      | 6761 ||| DRINKING 2 potions of heal wounds.
  7386 | D:6      | Reached skill level 1 in Throwing
  7402 | D:6      | 7402 ||| BUYING scroll of enchant weapon (82 gold).
  7402 | D:6      | Bought a scroll of enchant weapon for 82 gold pieces
  7402 | D:6      | 7402 ||| BUYING scroll of identify (22 gold).
  7402 | D:6      | Bought a scroll of identify for 22 gold pieces
  7402 | D:6      | 7402 ||| BUYING scroll of teleportation (33 gold).
  7402 | D:6      | Bought a scroll of teleportation for 33 gold pieces
  7402 | D:6      | 7402 ||| BUYING scroll of teleportation (33 gold).
  7402 | D:6      | Bought a scroll of teleportation for 33 gold pieces
  7402 | D:6      | 7402 ||| READING scroll of enchant weapon.
  7402 | D:6      | 7402 ||| ENCHANTING +3 war axe.
  7442 | D:6      | Reached * piety under Okawaru
  7443 | D:6      | 7443 ||| INVOKING Heroism.
  7448 | D:6      | Killed Pikel
  7449 | D:6      | Reached skill level 3 in Invocations
  7553 | D:6      | 7553 ||| INVOKING Heroism.
  7668 | D:6      | Found Piomaokh's Armour Shop.
  7677 | D:6      | 7677 ||| SHOPLISTING +0 helmet (54 gold, have 34).
  8121 | D:6      | 8121 ||| DROPPING +0 ring mail of willpower.
  8122 | D:6      | 8122 ||| UPGRADING to ring of protection from cold.
  8124 | D:6      | 8124 ||| UPGRADING to +6 ring of dexterity.
  8126 | D:6      | 8126 ||| READING 4 scrolls of identify.
  8126 | D:6      | 8126 ||| IDENTIFYING bubbling clear potion
  8127 | D:6      | 8127 ||| READING 3 scrolls of identify.
  8127 | D:6      | 8127 ||| IDENTIFYING fuming silvery potion
  8128 | D:6      | 8128 ||| DROPPING potion of flight.
  8173 | D:7      | 8173 ||| STAIRDANCE
  8179 | D:7      | 8179 ||| STAIRDANCE
  8202 | D:7      | 8202 ||| Stepping ~*~*~tactically~*~*~ (stealth).
  8204 | D:7      | 8204 ||| INVOKING Heroism.
  8209 | D:7      | 8209 ||| Stepping ~*~*~tactically~*~*~ (stealth).
  8364 | D:7      | 8364 ||| Stepping ~*~*~tactically~*~*~ (stealth).
  8366 | D:7      | 8366 ||| Stepping ~*~*~tactically~*~*~ (stealth).
  8377 | D:7      | 8377 ||| Stepping ~*~*~tactically~*~*~ (stealth).
  8379 | D:7      | 8379 ||| Stepping ~*~*~tactically~*~*~ (hiding).
  8387 | D:7      | 8387 ||| Stepping ~*~*~tactically~*~*~ (hiding).
  8540 | D:8      | 8540 ||| Stepping ~*~*~tactically~*~*~ (stealth).
  8543 | D:8      | 8543 ||| INVOKING Heroism.
  8545 | D:8      | Reached skill level 10 in Axes
  8545 | D:8      | Reached XP level 10. HP: 41/63 MP: 11/14
  8699 | D:8      | 8699 ||| INVOKING Heroism.
  8810 | D:8      | 8810 ||| INVOKING Heroism.
  8816 | D:8      | 8816 ||| Stepping ~*~*~tactically~*~*~ (stealth).
  8826 | D:8      | Reached ** piety under Okawaru
  8831 | D:8      | 8831 ||| Stepping ~*~*~tactically~*~*~ (stealth).
  8840 | D:8      | 8840 ||| INVOKING Heroism.
  8842 | D:8      | 8842 ||| Stepping ~*~*~tactically~*~*~ (hiding).
  8846 | D:8      | 8846 ||| Stepping ~*~*~tactically~*~*~ (hiding).
  8936 | D:8      | 8936 ||| Stepping ~*~*~tactically~*~*~ (stealth).
  8951 | D:8      | 8951 ||| Stepping ~*~*~tactically~*~*~ (hiding).
  9008 | D:8      | 9008 ||| Stepping ~*~*~tactically~*~*~ (hiding).
  9011 | D:8      | 9011 ||| Stepping ~*~*~tactically~*~*~ (stealth).
  9016 | D:8      | 9016 ||| INVOKING Heroism.
  9038 | D:8      | Noticed Psyche
  9040 | D:8      | 9040 ||| INVOKING Heroism.
  9042 | D:8      | Noticed a kobold demonologist
  9046 | D:8      | Killed Psyche
  9058 | D:8      | Killed a kobold demonologist
  9106 | D:8      | 9106 ||| FLEEEEING.
  9109 | D:8      | 9109 ||| FLEEEEING.
  9113 | D:8      | 9113 ||| FLEEEEING.
  9114 | D:8      | 9114 ||| FLEEEEING.
  9115 | D:8      | 9115 ||| FLEEEEING.
  9116 | D:8      | 9116 ||| FLEEEEING.
  9117 | D:8      | 9117 ||| FLEEEEING.
  9120 | D:8      | 9120 ||| FLEEEEING.
  9121 | D:8      | 9121 ||| FLEEEEING.
  9122 | D:8      | 9122 ||| FLEEEEING.
  9123 | D:8      | 9123 ||| FLEEEEING.
  9124 | D:8      | 9124 ||| FLEEEEING.
  9125 | D:8      | 9125 ||| FLEEEEING.
  9126 | D:8      | 9126 ||| FLEEEEING.
  9127 | D:8      | 9127 ||| FLEEEEING.
  9128 | D:8      | 9128 ||| FLEEEEING.
  9129 | D:8      | 9129 ||| FLEEEEING.
  9130 | D:8      | 9130 ||| FLEEEEING.
  9131 | D:8      | 9131 ||| FLEEEEING.
  9132 | D:8      | 9132 ||| FLEEEEING.
  9133 | D:8      | 9133 ||| FLEEEEING.
  9134 | D:8      | 9134 ||| FLEEEEING.
  9135 | D:8      | 9135 ||| FLEEEEING.
  9136 | D:8      | 9136 ||| FLEEEEING.
  9140 | D:8      | 9140 ||| FLEEEEING.
  9143 | D:8      | 9143 ||| FLEEEEING.
  9144 | D:8      | 9144 ||| FLEEEEING.
  9145 | D:8      | 9145 ||| FLEEEEING.
  9146 | D:8      | 9146 ||| FLEEEEING.
  9147 | D:8      | 9147 ||| FLEEEEING.
  9148 | D:8      | 9148 ||| FLEEEEING.
  9149 | D:8      | 9149 ||| FLEEEEING.
  9151 | D:8      | 9151 ||| FLEEEEING.
  9155 | D:8      | 9155 ||| FLEEEEING.
  9156 | D:8      | 9156 ||| FLEEEEING.
  9159 | D:8      | 9159 ||| FLEEEEING.
  9160 | D:8      | 9160 ||| FLEEEEING.
  9161 | D:8      | 9161 ||| FLEEEEING.
  9162 | D:8      | 9162 ||| FLEEEEING.
  9163 | D:8      | 9163 ||| STAIRDANCE
  9242 | D:7      | 9242 ||| UPGRADING to +0 plate armour.
  9252 | D:7      | 9252 ||| DROPPING +0 chain mail.
  9255 | D:8      | 9255 ||| INVOKING Heroism.
  9261 | D:8      | Reached *** piety under Okawaru
  9374 | D:8      | Noticed Prince Ribbit
  9380 | D:8      | Killed Prince Ribbit
  9518 | D:8      | 9518 ||| Stepping ~*~*~tactically~*~*~ (stealth).
  9520 | D:8      | 9520 ||| INVOKING Heroism.
  9527 | D:8      | Noticed a two-headed ogre
  9528 | D:8      | Reached skill level 6 in Armour
  9528 | D:8      | 9528 ||| Stepping ~*~*~tactically~*~*~ (stealth).
  9535 | D:8      | Reached skill level 11 in Axes
  9538 | D:8      | 9538 ||| INVOKING Heroism.
  9543 | D:8      | Killed a two-headed ogre
  9545 | D:8      | 9545 ||| FLEEEEING.
  9545 | D:8      | HP: 12/64 [orc priest/divine providence (13)]
  9546 | D:8      | 9546 ||| FLEEEEING.
  9547 | D:8      | 9547 ||| FLEEEEING.
  9548 | D:8      | 9548 ||| FLEEEEING.
  9549 | D:8      | 9549 ||| FLEEEEING.
  9554 | D:8      | 9554 ||| FLEEEEING.
  9555 | D:8      | 9555 ||| FLEEEEING.
  9557 | D:8      | 9557 ||| FLEEEEING.
  9558 | D:8      | 9558 ||| FLEEEEING.
  9559 | D:8      | 9559 ||| FLEEEEING.
  9560 | D:8      | 9560 ||| FLEEEEING.
  9561 | D:8      | 9561 ||| STAIRDANCE
  9804 | D:8      | 9804 ||| STAIRDANCE
  9806 | D:7      | 9806 ||| INVOKING Heroism.
  9875 | D:8      | 9875 ||| STAIRDANCE
  9984 | D:8      | 9984 ||| STAIRDANCE
 10181 | D:8      | 10181 ||| Stepping ~*~*~tactically~*~*~ (water).
 10182 | D:8      | 10182 ||| INVOKING Heroism.
 10183 | D:8      | Received a gift from Okawaru
 10189 | D:8      | Reached XP level 11. HP: 69/69 MP: 12/15
 10221 | D:8      | Reached skill level 9 in Fighting
 10373 | D:8      | 10373 ||| Stepping ~*~*~tactically~*~*~ (hiding).
 10376 | D:8      | 10376 ||| INVOKING Heroism.
 10404 | D:8      | 10404 ||| FLEEEEING.
 10405 | D:8      | 10405 ||| FLEEEEING.
 10406 | D:8      | 10406 ||| FLEEEEING.
 10407 | D:8      | 10407 ||| FLEEEEING.
 10408 | D:8      | 10408 ||| FLEEEEING.
 10409 | D:8      | 10409 ||| FLEEEEING.
 10410 | D:8      | 10410 ||| FLEEEEING.
 10598 | D:8      | Found an ornate altar of the Wu Jian Council.
 10663 | D:8      | 10663 ||| FLEEEEING.
 10664 | D:8      | 10664 ||| FLEEEEING.
 10665 | D:8      | 10665 ||| FLEEEEING.
 10666 | D:8      | 10666 ||| FLEEEEING.
 10667 | D:8      | 10667 ||| FLEEEEING.
 10668 | D:8      | 10668 ||| FLEEEEING.
 10669 | D:8      | 10669 ||| INVOKING Heroism.
 10824 | D:8      | 10824 ||| UPGRADING to +0 kite shield.
 10834 | D:8      | 10834 ||| DROPPING +0 buckler.
 10883 | D:9      | 10883 ||| READING scroll of enchant weapon.
 10883 | D:9      | 10883 ||| ENCHANTING +4 war axe.
 10895 | D:9      | 10895 ||| INVOKING Heroism.
 10899 | D:9      | Noticed a seven-headed hydra
 10903 | D:9      | 10903 ||| SWAPPING to +2 morningstar of freezing.
 10909 | D:9      | Killed a seven-headed hydra
 10910 | D:9      | Reached skill level 6 in Shields
 10910 | D:9      | 10910 ||| SWAPPING to +5 war axe.
 10923 | D:9      | 10923 ||| INVOKING Heroism.
 10943 | D:9      | Reached **** piety under Okawaru
 10945 | D:9      | 10945 ||| INVOKING Heroism.
 11232 | D:9      | Found a staircase to the Orcish Mines.
 11314 | D:9      | Found a hide-covered altar of Uskayaw.
 11321 | D:9      | 11321 ||| DRINKING 2 potions of curing.
 11321 | D:9      | 11321 ||| (to cure confusion)
 11491 | D:9      | Found a runed translucent gate.
 11492 | D:9      | Found a runed translucent gate.
 11492 | D:9      | Noticed qw's ghost (journeyman GrFi)
 11493 | D:9      | Found a runed translucent gate.
 11493 | D:9      | Noticed Idymn's ghost (journeyman DsGl)
 11742 | D:9      | Found the +1 robe of Vines {NoPotionHeal Regen++++}
 11791 | D:9      | 11791 ||| READING scroll labelled GIFOFF XILE.
 11792 | D:9      | 11792 ||| READING scroll labelled ULIYHOYREIX.
 11793 | D:9      | 11793 ||| DROPPING +2 morningstar of freezing.
 11829 | D:10     | Entered Level 10 of the Dungeon
 11863 | D:10     | 11863 ||| Stepping ~*~*~tactically~*~*~ (stealth).
 11865 | D:10     | 11865 ||| INVOKING Heroism.
 11892 | D:10     | 11892 ||| DRINKING potion of curing.
 11892 | D:10     | 11892 ||| (to cure confusion)
 12046 | D:10     | Noticed a two-headed ogre
 12047 | D:10     | 12047 ||| INVOKING Heroism.
 12049 | D:10     | 12049 ||| Stepping ~*~*~tactically~*~*~ (stealth).
 12050 | D:10     | 12050 ||| Stepping ~*~*~tactically~*~*~ (stealth).
 12051 | D:10     | 12051 ||| Stepping ~*~*~tactically~*~*~ (stealth).
 12054 | D:10     | 12054 ||| Stepping ~*~*~tactically~*~*~ (stealth).
 12056 | D:10     | 12056 ||| Stepping ~*~*~tactically~*~*~ (stealth).
 12059 | D:10     | 12059 ||| Stepping ~*~*~tactically~*~*~ (stealth).
 12060 | D:10     | 12060 ||| INVOKING Heroism.
 12065 | D:10     | Killed a two-headed ogre
 12065 | D:10     | Reached ***** piety under Okawaru
 12190 | D:10     | Reached skill level 6 in Invocations
 12326 | D:10     | 12326 ||| Stepping ~*~*~tactically~*~*~ (hiding).
 12410 | D:10     | 12410 ||| INVOKING Heroism.
 12574 | D:10     | 12574 ||| SWAPPING to +0 broad axe.
 12593 | D:10     | 12593 ||| Stepping ~*~*~tactically~*~*~ (hiding).
 12596 | D:10     | 12596 ||| INVOKING Heroism.
 12657 | D:10     | Noticed a six-headed hydra
 12658 | D:10     | 12658 ||| INVOKING Heroism.
 12659 | D:10     | 12659 ||| INVOKING Finesse.
 12661 | D:10     | 12661 ||| SWAPPING to +5 war axe of flaming.
 12665 | D:10     | Killed a four-headed hydra
 12666 | D:10     | Reached skill level 9 in Shields
 12666 | D:10     | 12666 ||| SWAPPING to +0 broad axe.
 12909 | D:10     | Found a burning altar of Makhleb.
 12914 | D:10     | 12914 ||| UPGRADING to +2 helmet.
 12922 | D:10     | Identified the +2 pair of gloves of Dumosic {+Inv rN+
                  | rCorr} (Okawaru gifted it to you on level 10 of the
                  | Dungeon)
 12922 | D:10     | Received a gift from Okawaru
 12992 | D:10     | 12992 ||| UPGRADING to +2 pair of gloves of Dumosic {+Inv
                  | rN+ rCorr}.
 13017 | D:10     | 13017 ||| READING scroll labelled EPRAHEU XOYRU.
 13066 | D:11     | 13066 ||| INVOKING Heroism.
 13071 | D:11     | Reached XP level 12. HP: 76/76 MP: 16/19
 13173 | D:11     | Noticed a boulder beetle
 13174 | D:11     | 13174 ||| INVOKING Heroism.
 13175 | D:11     | 13175 ||| INVOKING Finesse.
 13181 | D:11     | Noticed a death yak
 13192 | D:11     | Noticed a death yak
 13203 | D:11     | Killed a boulder beetle
 13205 | D:11     | Killed a death yak
 13209 | D:11     | Noticed a death yak
 13211 | D:11     | Noticed a death yak
 13215 | D:11     | Killed a death yak
 13215 | D:11     | Noticed a death yak
 13215 | D:11     | Noticed a death yak
 13217 | D:11     | Noticed a death yak
 13226 | D:11     | 13226 ||| INVOKING Heroism.
 13232 | D:11     | Killed a death yak
 13238 | D:11     | Killed a death yak
 13239 | D:11     | HP: 15/76 [death yak (6)]
 13240 | D:11     | 13240 ||| READING 4 scrolls of teleportation.
 13240 | D:11     | HP: 5/76 [death yak (10)]
 13241 | D:11     | 13241 ||| DRINKING potion of heal wounds.
 13242 | D:11     | Killed a death yak
 13438 | D:11     | 13438 ||| READING 3 scrolls of teleportation.
 13443 | D:11     | 13443 ||| INVOKING Heroism.
 13474 | D:11     | Reached skill level 9 in Invocations
 13558 | D:11     | 13558 ||| READING 2 scrolls of teleportation.
 13559 | D:11     | 13559 ||| FLEEEEING.
 13561 | D:11     | 13561 ||| FLEEEEING.
 13622 | D:11     | 13622 ||| Stepping ~*~*~tactically~*~*~ (stealth).
 13625 | D:11     | 13625 ||| INVOKING Heroism.
 13663 | D:11     | Noticed a two-headed ogre
 13673 | D:11     | Killed a two-headed ogre
 13860 | D:11     | 13860 ||| Stepping ~*~*~tactically~*~*~ (hiding).
 13869 | D:11     | 13869 ||| Stepping ~*~*~tactically~*~*~ (stealth).
 13997 | D:11     | 13997 ||| Stepping ~*~*~tactically~*~*~ (stealth).
 13998 | D:11     | 13998 ||| Stepping ~*~*~tactically~*~*~ (stealth).
 13999 | D:11     | 13999 ||| Stepping ~*~*~tactically~*~*~ (stealth).
 14115 | D:11     | 14115 ||| Stepping ~*~*~tactically~*~*~ (stealth).
 14117 | D:11     | 14117 ||| Stepping ~*~*~tactically~*~*~ (hiding).
 14119 | D:11     | 14119 ||| Stepping ~*~*~tactically~*~*~ (hiding).
 14501 | D:11     | Found a staircase to the Lair.
 14505 | D:11     | 14505 ||| INVOKING Heroism.
 14522 | D:11     | Killed a death yak
 14528 | D:11     | Killed a death yak
 14572 | D:11     | 14572 ||| PLANNING LAIR
 14577 | Lair:1   | Entered Level 1 of the Lair of Beasts
 14693 | Lair:1   | Reached skill level 12 in Axes
 15055 | Lair:1   | Noticed a catoblepas
 15056 | Lair:1   | 15056 ||| INVOKING Heroism.
 15057 | Lair:1   | 15057 ||| INVOKING Finesse.
 15072 | Lair:1   | Killed a catoblepas
 15195 | Lair:1   | 15195 ||| Stepping ~*~*~tactically~*~*~ (stealth).
 15414 | Lair:1   | 15414 ||| UPGRADING to +1 pair of boots.
 15419 | Lair:1   | 15419 ||| DROPPING ring of flight.
 15420 | Lair:1   | 15420 ||| READING 8 scrolls of identify.
 15420 | Lair:1   | 15420 ||| IDENTIFYING smoky silvery potion
 15421 | Lair:1   | 15421 ||| DROPPING potion of invisibility.
 15447 | Lair:2   | 15447 ||| PLANNING GAUNTLET
 15467 | Lair:2   | 15467 ||| INVOKING Heroism.
 15477 | Lair:2   | Reached skill level 9 in Armour
 15520 | Lair:2   | 15520 ||| INVOKING Finesse.
 15524 | Lair:2   | 15524 ||| INVOKING Heroism.
 15543 | Lair:2   | Reached skill level 3 in Dodging
 15591 | Lair:2   | 15591 ||| Stepping ~*~*~tactically~*~*~ (stealth).
 15597 | Lair:2   | Reached XP level 13. HP: 80/80 MP: 22/22
 15601 | Lair:2   | Received a gift from Okawaru
 15603 | Lair:2   | 15603 ||| SWAPPING to +1 vampiric war axe.
 15674 | Lair:2   | Found a staircase to the Swamp.
 15682 | Lair:2   | 15682 ||| INVOKING Heroism.
 15713 | Lair:2   | Found the +5 robe of Misfortune {Harm *Corrode *Slow EV+5}
 15714 | Lair:2   | 15714 ||| INVOKING Finesse.
 15720 | Lair:2   | 15720 ||| SWAPPING to +5 war axe of flaming.
 15722 | Lair:2   | 15722 ||| INVOKING Heroism.
 15725 | Lair:2   | 15725 ||| SWAPPING to +1 vampiric war axe.
 15885 | Lair:2   | 15885 ||| RIP GAUNTLET
 15886 | Lair:2   | 15886 ||| PLANNING LAIR
 15996 | Lair:2   | 15996 ||| INVOKING Heroism.
 16528 | Lair:2   | 16528 ||| UPGRADING to ring of see invisible.
 16530 | Lair:2   | 16530 ||| UPGRADING to ring of protection from cold.
 16798 | Lair:3   | 16798 ||| INVOKING Heroism.
 16938 | Lair:3   | 16938 ||| Stepping ~*~*~tactically~*~*~ (hiding).
 16939 | Lair:3   | 16939 ||| Stepping ~*~*~tactically~*~*~ (stealth).
 16941 | Lair:3   | 16941 ||| Stepping ~*~*~tactically~*~*~ (stealth).
 17018 | Lair:3   | 17018 ||| INVOKING Heroism.
 17034 | Lair:3   | Found a hole to the Spider Nest.
 17168 | Lair:3   | 17168 ||| INVOKING Heroism.
 17169 | Lair:3   | 17169 ||| SWAPPING to +5 war axe of flaming.
 17175 | Lair:3   | 17175 ||| SWAPPING to +1 vampiric war axe.
 17366 | Lair:3   | Reached skill level 13 in Axes
 17574 | Lair:3   | 17574 ||| READING scroll of enchant armour.
 17574 | Lair:3   | 17574 ||| ENCHANTING +1 pair of boots.
 17871 | Lair:3   | 17871 ||| READING scroll labelled NOGGUPH FIET.
 17948 | Lair:4   | 17948 ||| INVOKING Heroism.
 18017 | Lair:4   | 18017 ||| INVOKING Heroism.
 18018 | Lair:4   | 18018 ||| INVOKING Finesse.
 18213 | Lair:4   | 18213 ||| Stepping ~*~*~tactically~*~*~ (stealth).
 18223 | Lair:4   | 18223 ||| INVOKING Heroism.
 18357 | Lair:4   | Found a viscous altar of Jiyva.
 18358 | Lair:4   | 18358 ||| INVOKING Heroism.
 18359 | Lair:4   | 18359 ||| INVOKING Finesse.
 18361 | Lair:4   | Found a staircase to the Slime Pits.
 18382 | Lair:4   | Received a gift from Okawaru
 18384 | Lair:4   | 18384 ||| DRINKING potion of cancellation.
 18405 | Lair:4   | Gained mutation: Your large and strong wings let you fly.
                  | [Gargoyle growth]
 18405 | Lair:4   | Reached XP level 14. HP: 88/88 MP: 19/23
 18426 | Lair:4   | Reached skill level 14 in Axes
 18435 | Lair:4   | 18435 ||| INVOKING Finesse.
 18441 | Lair:4   | 18441 ||| INVOKING Heroism.
 18489 | Lair:4   | 18489 ||| DROPPING +2 vorpal war axe.
 18584 | Lair:4   | Found a runed translucent door.
 18587 | Lair:4   | Noticed Raneoc's ghost (journeyman MiFi)
 18854 | Lair:4   | 18854 ||| INVOKING Heroism.
 19074 | Lair:5   | Entered Level 5 of the Lair of Beasts
 19077 | Lair:5   | 19077 ||| STAIRDANCE
 19148 | Lair:5   | 19148 ||| STAIRDANCE
 19203 | Lair:5   | 19203 ||| Stepping ~*~*~tactically~*~*~ (hiding).
 19285 | Lair:5   | 19285 ||| Stepping ~*~*~tactically~*~*~ (stealth).
 19287 | Lair:5   | 19287 ||| Stepping ~*~*~tactically~*~*~ (stealth).
 19289 | Lair:5   | 19289 ||| Stepping ~*~*~tactically~*~*~ (stealth).
 19297 | Lair:5   | 19297 ||| INVOKING Heroism.
 19313 | Lair:5   | 19313 ||| Stepping ~*~*~tactically~*~*~ (stealth).
 19314 | Lair:5   | 19314 ||| Stepping ~*~*~tactically~*~*~ (stealth).
 19315 | Lair:5   | 19315 ||| Stepping ~*~*~tactically~*~*~ (stealth).
 19316 | Lair:5   | 19316 ||| Stepping ~*~*~tactically~*~*~ (stealth).
 19317 | Lair:5   | 19317 ||| SWAPPING to +5 war axe of flaming.
 19324 | Lair:5   | 19324 ||| Stepping ~*~*~tactically~*~*~ (stealth).
 19325 | Lair:5   | 19325 ||| Stepping ~*~*~tactically~*~*~ (stealth).
 19329 | Lair:5   | 19329 ||| SWAPPING to +1 vampiric war axe.
 19345 | Lair:5   | 19345 ||| INVOKING Heroism.
 19346 | Lair:5   | 19346 ||| SWAPPING to +5 war axe of flaming.
 19353 | Lair:5   | 19353 ||| SWAPPING to +1 vampiric war axe.
 19361 | Lair:5   | 19361 ||| Stepping ~*~*~tactically~*~*~ (stealth).
 19362 | Lair:5   | 19362 ||| Stepping ~*~*~tactically~*~*~ (stealth).
 19366 | Lair:5   | 19366 ||| INVOKING Finesse.
 19376 | Lair:5   | Received a gift from Okawaru
 19394 | Lair:5   | Reached skill level 12 in Shields
 19400 | Lair:5   | 19400 ||| INVOKING Heroism.
 19423 | Lair:5   | 19423 ||| Stepping ~*~*~tactically~*~*~ (stealth).
 19426 | Lair:5   | 19426 ||| Stepping ~*~*~tactically~*~*~ (stealth).
 19427 | Lair:5   | 19427 ||| Stepping ~*~*~tactically~*~*~ (stealth).
 19428 | Lair:5   | 19428 ||| Stepping ~*~*~tactically~*~*~ (stealth).
 19429 | Lair:5   | 19429 ||| Stepping ~*~*~tactically~*~*~ (stealth).
 19439 | Lair:5   | 19439 ||| Stepping ~*~*~tactically~*~*~ (stealth).
 19460 | Lair:5   | Identified the +4 broad axe of Offence {antimagic, rPois
                  | rF+} (Okawaru gifted it to you on level 5 of the Lair of
                  | Beasts)
 19460 | Lair:5   | Received a gift from Okawaru
 19462 | Lair:5   | 19462 ||| SWAPPING to +4 broad axe of Offence {antimagic,
                  | rPois rF+}.
 19463 | Lair:5   | 19463 ||| DROPPING +0 broad axe.
 19493 | Lair:5   | 19493 ||| INVOKING Heroism.
 19593 | Lair:5   | 19593 ||| INVOKING Heroism.
 19594 | Lair:5   | 19594 ||| INVOKING Finesse.
 19678 | Lair:5   | 19678 ||| INVOKING Heroism.
 19679 | Lair:5   | 19679 ||| INVOKING Finesse.
 19686 | Lair:5   | 19686 ||| Stepping ~*~*~tactically~*~*~ (stealth).
 19687 | Lair:5   | 19687 ||| Stepping ~*~*~tactically~*~*~ (stealth).
 19713 | Lair:5   | 19713 ||| Stepping ~*~*~tactically~*~*~ (stealth).
 19738 | Lair:5   | 19738 ||| FLEEEEING.
 20158 | Lair:5   | Reached skill level 15 in Axes
 20194 | Lair:5   | 20194 ||| INVOKING Heroism.
 20206 | Lair:5   | 20206 ||| INVOKING Finesse.
 20213 | Lair:5   | 20213 ||| SWAPPING to +5 war axe of flaming.
 20221 | Lair:5   | 20221 ||| SWAPPING to +4 broad axe of Offence {antimagic,
                  | rPois rF+}.
 20508 | Lair:5   | 20508 ||| INVOKING Heroism.
 20553 | Lair:5   | 20553 ||| Stepping ~*~*~tactically~*~*~ (stealth).
 20562 | Lair:5   | Received a gift from Okawaru
 20568 | Lair:5   | 20568 ||| Stepping ~*~*~tactically~*~*~ (stealth).
 20575 | Lair:5   | 20575 ||| INVOKING Heroism.
 20635 | Lair:5   | 20635 ||| Stepping ~*~*~tactically~*~*~ (stealth).
 20643 | Lair:5   | 20643 ||| INVOKING Heroism.
 20657 | Lair:5   | 20657 ||| Stepping ~*~*~tactically~*~*~ (hiding).
 20658 | Lair:5   | 20658 ||| Stepping ~*~*~tactically~*~*~ (hiding).
 20664 | Lair:5   | Reached skill level 3 in Throwing
 20716 | Lair:5   | 20716 ||| Stepping ~*~*~tactically~*~*~ (stealth).
 20718 | Lair:5   | 20718 ||| INVOKING Heroism.
 20720 | Lair:5   | 20720 ||| SWAPPING to +5 war axe of flaming.
 20723 | Lair:5   | 20723 ||| Stepping ~*~*~tactically~*~*~ (stealth).
 20730 | Lair:5   | Reached skill level 12 in Fighting
 20730 | Lair:5   | 20730 ||| SWAPPING to +4 broad axe of Offence {antimagic,
                  | rPois rF+}.
 20733 | Lair:5   | 20733 ||| Stepping ~*~*~tactically~*~*~ (stealth).
 20761 | Lair:5   | Identified the +4 kite shield of Unreason {Harm rC- Str+3
                  | SInv} (Okawaru gifted it to you on level 5 of the Lair of
                  | Beasts)
 20761 | Lair:5   | Received a gift from Okawaru
 20762 | Lair:5   | Reached XP level 15. HP: 77/96 MP: 8/24
 20775 | Lair:5   | 20775 ||| FLEEEEING.
 20776 | Lair:5   | 20776 ||| FLEEEEING.
 20777 | Lair:5   | 20777 ||| FLEEEEING.
 20778 | Lair:5   | 20778 ||| FLEEEEING.
 20780 | Lair:5   | 20780 ||| FLEEEEING.
 20782 | Lair:5   | 20782 ||| FLEEEEING.
 20784 | Lair:5   | 20784 ||| FLEEEEING.
 20785 | Lair:5   | 20785 ||| FLEEEEING.
 20789 | Lair:5   | 20789 ||| FLEEEEING.
 20790 | Lair:5   | 20790 ||| FLEEEEING.
 20791 | Lair:5   | 20791 ||| FLEEEEING.
 20796 | Lair:5   | 20796 ||| FLEEEEING.
 20797 | Lair:5   | 20797 ||| FLEEEEING.
 20798 | Lair:5   | 20798 ||| STAIRDANCE
 20926 | Lair:5   | 20926 ||| Stepping ~*~*~tactically~*~*~ (stealth).
 20942 | Lair:5   | 20942 ||| Stepping ~*~*~tactically~*~*~ (stealth).
 20952 | Lair:5   | 20952 ||| Stepping ~*~*~tactically~*~*~ (stealth).
 20954 | Lair:5   | 20954 ||| Stepping ~*~*~tactically~*~*~ (hiding).
 20960 | Lair:5   | 20960 ||| Stepping ~*~*~tactically~*~*~ (stealth).
 21051 | Lair:5   | 21051 ||| INVOKING Heroism.
 21084 | Lair:5   | 21084 ||| Stepping ~*~*~tactically~*~*~ (hiding).
 21136 | Lair:5   | 21136 ||| Stepping ~*~*~tactically~*~*~ (hiding).
 21160 | Lair:5   | 21160 ||| Stepping ~*~*~tactically~*~*~ (stealth).
 21161 | Lair:5   | 21161 ||| Stepping ~*~*~tactically~*~*~ (stealth).
 21300 | Lair:5   | 21300 ||| Stepping ~*~*~tactically~*~*~ (stealth).
 21312 | Lair:5   | 21312 ||| Stepping ~*~*~tactically~*~*~ (stealth).
 21314 | Lair:5   | 21314 ||| Stepping ~*~*~tactically~*~*~ (stealth).
 21388 | Lair:5   | 21388 ||| PLANNING D
 21639 | D:12     | 21639 ||| Stepping ~*~*~tactically~*~*~ (stealth).
 21642 | D:12     | 21642 ||| Stepping ~*~*~tactically~*~*~ (stealth).
 21652 | D:12     | 21652 ||| Stepping ~*~*~tactically~*~*~ (stealth).
 21653 | D:12     | 21653 ||| Stepping ~*~*~tactically~*~*~ (stealth).
 21655 | D:12     | 21655 ||| Stepping ~*~*~tactically~*~*~ (stealth).
 21656 | D:12     | 21656 ||| Stepping ~*~*~tactically~*~*~ (stealth).
 21676 | D:12     | 21676 ||| Stepping ~*~*~tactically~*~*~ (stealth).
 21677 | D:12     | 21677 ||| Stepping ~*~*~tactically~*~*~ (stealth).
 21680 | D:12     | 21680 ||| Stepping ~*~*~tactically~*~*~ (hiding).
 21794 | D:12     | Reached skill level 12 in Armour
 21828 | D:12     | 21828 ||| Stepping ~*~*~tactically~*~*~ (stealth).
 21877 | D:12     | 21877 ||| Stepping ~*~*~tactically~*~*~ (stealth).
 21878 | D:12     | 21878 ||| Stepping ~*~*~tactically~*~*~ (stealth).
 21918 | D:12     | 21918 ||| Stepping ~*~*~tactically~*~*~ (hiding).
 21924 | D:12     | 21924 ||| Stepping ~*~*~tactically~*~*~ (hiding).
 21930 | D:12     | 21930 ||| Stepping ~*~*~tactically~*~*~ (hiding).
 21932 | D:12     | 21932 ||| INVOKING Heroism.
 21969 | D:12     | 21969 ||| Stepping ~*~*~tactically~*~*~ (stealth).
 21997 | D:12     | 21997 ||| INVOKING Heroism.
 22163 | D:12     | 22163 ||| Stepping ~*~*~tactically~*~*~ (stealth).
 22166 | D:12     | 22166 ||| Stepping ~*~*~tactically~*~*~ (stealth).
 22320 | D:12     | 22320 ||| DROPPING scarf of shadows.
 22321 | D:12     | 22321 ||| UPGRADING to amulet of regeneration.
 22326 | D:12     | 22326 ||| UPGRADING to amulet of reflection.
 22336 | D:12     | 22336 ||| DROPPING amulet of regeneration.
 22337 | D:12     | 22337 ||| READING 4 scrolls of teleportation.
 22345 | D:12     | 22345 ||| Stepping ~*~*~tactically~*~*~ (hiding).
 22346 | D:12     | 22346 ||| Stepping ~*~*~tactically~*~*~ (hiding).
 22408 | D:12     | 22408 ||| READING 3 scrolls of teleportation.
 22414 | D:12     | 22414 ||| READING 2 scrolls of teleportation.
 22604 | D:12     | 22604 ||| Stepping ~*~*~tactically~*~*~ (stealth).
 22620 | D:12     | 22620 ||| INVOKING Heroism.
 22804 | D:13     | 22804 ||| Stepping ~*~*~tactically~*~*~ (hiding).
 23109 | D:13     | 23109 ||| Stepping ~*~*~tactically~*~*~ (hiding).
 23183 | D:13     | Reached skill level 6 in Throwing
 23254 | D:13     | Found a gate to the Vaults.
 23261 | D:13     | 23261 ||| INVOKING Heroism.
 23466 | D:13     | 23466 ||| Stepping ~*~*~tactically~*~*~ (stealth).
 23625 | D:13     | 23625 ||| DROPPING scarf of harm.
 23690 | D:14     | 23690 ||| Stepping ~*~*~tactically~*~*~ (hiding).
 23832 | D:14     | 23832 ||| INVOKING Heroism.
 23851 | D:14     | Received a gift from Okawaru
 24064 | D:14     | Noticed Snorg
 24065 | D:14     | 24065 ||| INVOKING Finesse.
 24072 | D:14     | 24072 ||| INVOKING Heroism.
 24089 | D:14     | Killed Snorg
 24089 | D:14     | Received a gift from Okawaru
 24171 | D:14     | 24171 ||| Stepping ~*~*~tactically~*~*~ (stealth).
 24174 | D:14     | 24174 ||| Stepping ~*~*~tactically~*~*~ (stealth).
 24182 | D:14     | 24182 ||| Stepping ~*~*~tactically~*~*~ (stealth).
 24191 | D:14     | 24191 ||| INVOKING Heroism.
 24193 | D:14     | Reached skill level 16 in Axes
 24220 | D:14     | Reached ****** piety under Okawaru
 24336 | D:14     | Noticed Josephine
 24337 | D:14     | 24337 ||| Stepping ~*~*~tactically~*~*~ (hiding).
 24338 | D:14     | 24338 ||| FLEEEEING.
 24339 | D:14     | 24339 ||| FLEEEEING.
 24343 | D:14     | 24343 ||| INVOKING Heroism.
 24349 | D:14     | Killed Josephine
 24349 | D:14     | Identified the +0 ring mail of Ruisig {rC+} (Okawaru gifted
                  | it to you on level 14 of the Dungeon)
 24349 | D:14     | Received a gift from Okawaru
 24506 | D:14     | 24506 ||| Stepping ~*~*~tactically~*~*~ (hiding).
 25134 | D:14     | 25134 ||| Stepping ~*~*~tactically~*~*~ (hiding).
 25248 | D:14     | Noticed Roxanne
 25249 | D:14     | 25249 ||| INVOKING Heroism.
 25250 | D:14     | 25250 ||| INVOKING Finesse.
 25269 | D:14     | Killed Roxanne
 25270 | D:14     | Reached XP level 16. HP: 101/101 MP: 2/25
 25429 | D:14     | 25429 ||| DROPPING +1 helmet.
 25453 | D:15     | Entered Level 15 of the Dungeon
 25459 | D:15     | 25459 ||| INVOKING Heroism.
 25460 | D:15     | 25460 ||| INVOKING Finesse.
 25462 | D:15     | 25462 ||| SWAPPING to +5 war axe of flaming.
 25470 | D:15     | 25470 ||| SWAPPING to +4 broad axe of Offence {antimagic,
                  | rPois rF+}.
 25689 | D:15     | 25689 ||| Stepping ~*~*~tactically~*~*~ (stealth).
 25694 | D:15     | Noticed Kirke
 25695 | D:15     | 25695 ||| INVOKING Heroism.
 25696 | D:15     | 25696 ||| INVOKING Finesse.
 25699 | D:15     | Noticed a sphinx
 25699 | D:15     | 25699 ||| Stepping ~*~*~tactically~*~*~ (hiding).
 25709 | D:15     | Noticed a sphinx
 25713 | D:15     | HP: 18/101 [sphinx[Kirke] (8)]
 25714 | D:15     | 25714 ||| READING 2 scrolls of teleportation.
 25714 | D:15     | Slain by Kirke

Levels and vault maps discovered:
D:1:      dpeg_arrival_tiny_c, layout_basic,
          ebering_ecumenical_altar_sacrificial, minmay_fountain_box
D:2:      minmay_roachtagon, layout_basic, minmay_pentomino_t2
D:3:      layout_loops_ring, lemuel_tele_altar, led_sif_book,
          nicolae_concentric_dashed_squares_wild, uniq_ijyb, uniq_sigmund,
          uniq_terence
D:4:      cheibrodos_old_hovel, layout_basic, kennysheep_slug_shrine,
          uniq_eustachio
D:5:      layout_basic, minmay_temple_entry_arrows, uniq_crazy_yiuf_cottage
D:6:      layout_layer_cave, mainiacjoe_overflow_tiny_flanked, serial_shops,
          shop, eino_small_chamber_without_monster, nicolae_wooded_promenade,
          uniq_pikel
D:7:      layout_rooms, chequers_temple_overflow_minitemple
D:8:      lemuel_castle_with_subvaults [lemuel_castle_interior_carwin_3],
          layout_loops_ring, mainiacjoe_overflow_alcove_1, minmay_crossroads,
          uniq_prince_ribbit1, uniq_psyche
D:9:      layout_loops_ring, nicolae_uskayaw_murder_on_the_dancefloor,
          hiddenorc1_lemuel, gammafunk_ghost_cemetery,
          hellmonk_guarded_unrand_vines
D:10:     layout_basic, demons_altar, dreamdust_gnoll_shepherd
D:11:     layout_irregular_city, dpeg_lair_monsters, serial_co_window_serial,
          co_window_corner_a, co_window_corner_a, co_window_paths_b,
          co_window_corner_a, co_window_paths_b, co_window_paths_a,
          co_window_corner_b, co_window_of_opportunity_b, co_window_broadway_a,
          co_window_paths_e, co_window_4corner_a, glass_columns_c,
          glass_columns_a, glass_columns_a, glass_columns_a, glass_columns_a
D:12:     layout_rooms, minmay_shattered_shrine
D:13:     layout_roguey, skrybe_vaults_entry_preservation
D:14:     layout_loops_corners, minmay_misc_feat_columns, minmay_lindwurm_lava,
          uniq_snorg, uniq_josephine, uniq_roxanne
D:15:     hangedman_depths_entry_civil_slaughter, layout_cave_pods, uniq_kirke
Temple:   hellmonk_temple_micro_hex
Lair:1:   layout_chaotic_city, st_stairs_5, serial_bayou_shore_b,
          grunt_megastairs_4
Lair:2:   layout_hall_layers, minmay_swamp_entry_swarm, gauntlet_entry_generic,
          nicolae_quartered_pool_medium, guppyfry_lair_drakes,
          serial_bayou_shore_a, infiniplex_staircase_pool_2, grunt_megastairs_5
Lair:3:   layout_cave_pods, spider_nest_entry_funnel_web, serial_bayou_shore_b,
          infiniplex_staircase_pool
Lair:4:   layout_gridlike, minmay_slime_entry_oklob_enclosed,
          hellmonk_ghost_happy_afterlife
Lair:5:   hangedman_lair_caniforms_friends, layout_hall_layers,
          kennysheep_basilisk_garden, grunt_megastairs_2

Skill      XL: |  1  2  3  4  5  6  7  8  9 10 11 12 13 14 15 |
---------------+----------------------------------------------+-----
Axes           | 2 3 4 5 7 8 10 11 12 13 15 16 | 16.5
Dodging        | 1 2 3 |  3.1
Fighting       | 5 6 7 8 9 10 12 | 12.1
Armour         | 4 7 9 10 11 12 | 12.0
Shields        | 4 5 9 10 11 12 13 | 13.0
Throwing       | 1 2 3 6 |  6.0
Invocations    | 4 7 10 | 10.0

Action                   |  1- 3 |  4- 6 |  7- 9 | 10-12 | 13-15 | 16-18 || total
-------------------------+-------+-------+-------+-------+-------+-------++-------
Melee: War axe           |    64 |   134 |   314 |   347 |   602 |     5 ||  1466
       Unarmed           |       |     5 |       |       |       |     3 ||     8
       Broad axe         |       |       |       |   237 |   723 |    40 ||  1000
       Morningstar       |       |       |       |     5 |       |       ||     5
Throw: Boomerang         |       |       |    19 |   110 |    86 |       ||   215
       Javelin           |       |       |       |       |    18 |       ||    18
Invok: Heroism           |       |       |     4 |    30 |    33 |     2 ||    69
       Finesse           |       |       |       |     4 |    10 |     2 ||    16
  Use: Scroll            |     3 |     6 |    13 |     8 |     5 |     1 ||    36
       Potion            |       |     6 |     3 |     3 |     1 |       ||    13
 Stab: Petrified         |       |       |       |       |     3 |       ||     3
Armor: Scale mail        |    41 |    23 |       |       |       |       ||    64
       Chain mail        |       |    53 |   179 |    48 |       |       ||   280
       Plate armour      |       |       |       |   202 |   700 |    11 ||   913
Dodge: Dodged            |    33 |    42 |   109 |   143 |   275 |     9 ||   611
Block: Buckler           |     9 |    35 |    63 |    44 |       |       ||   151
       Kite shield       |       |       |       |   167 |   713 |    16 ||   896
       Reflection        |       |       |       |       |     7 |       ||     7

Table legend:
 A = Non-vault XP
 B = Vault XP
 C = Vault XP percentage of total XP
 D = Non-vault monster count
 E = Vault monster count
 F = Vault count percentage of total count
                 A         B        C        D         E       F
            +---------+---------+-------+---------+---------+-------
      Total |   76463 |   56136 |  42.3 |     381 |     234 |  38.0
            +---------+---------+-------+---------+---------+-------
        D:1 |      70 |       0 |   0.0 |      25 |       0 |   0.0
        D:2 |      74 |      26 |  26.0 |      16 |      12 |  42.9
        D:3 |      69 |     304 |  81.5 |      11 |       3 |  21.4
        D:4 |     342 |     250 |  42.2 |      25 |       3 |  10.7
        D:5 |     475 |       0 |   0.0 |      20 |       0 |   0.0
        D:6 |    1492 |     673 |  31.1 |      19 |       1 |   5.0
        D:7 |     960 |       0 |   0.0 |      19 |       0 |   0.0
        D:8 |    1655 |    4082 |  71.2 |      23 |      57 |  71.2
        D:9 |     609 |    1705 |  73.7 |       8 |      20 |  71.4
       D:10 |    4531 |    1019 |  18.4 |      17 |       4 |  19.0
       D:11 |    4251 |    5700 |  57.3 |      20 |       7 |  25.9
       D:12 |    6087 |    3872 |  38.9 |      23 |      10 |  30.3
       D:13 |    3990 |    5084 |  56.0 |       8 |       9 |  52.9
       D:14 |   13147 |    6374 |  32.7 |      23 |      10 |  30.3
       D:15 |    1744 |     588 |  25.2 |       4 |       3 |  42.9
     Lair:1 |     716 |    1313 |  64.7 |       4 |       5 |  55.6
     Lair:2 |    4225 |    2120 |  33.4 |      17 |       7 |  29.2
     Lair:3 |    4395 |    1549 |  26.1 |      15 |       4 |  21.1
     Lair:4 |   13702 |    2891 |  17.4 |      40 |       5 |  11.1
     Lair:5 |   13929 |   18586 |  57.2 |      44 |      74 |  62.7
            +---------+---------+-------+---------+---------+-------
